 Dungeon Crawl Stone Soup version 0.25.1-8-g42b30a86e7 (webtiles) character file.

Game seed: 11987604366875285327

1918 hawla the Destroyer (level 8, -4/63 HPs)
             Began as a Pale Draconian Conjurer on Dec 14, 2020.
             Was an Initiate of Vehumet.
             Blown up by Maggie (27 damage)
             ... with a disintegration bolt
             ... on level 6 of the Dungeon.
             The game lasted 00:21:55 (9480 turns).

hawla the Destroyer (Pale Draconian Conjurer)       Turns: 9480, Time: 00:21:56

Health: -4/63      AC:  7    Str: 11    XL:     8   Next: 95%
Magic:  6/15       EV: 13    Int: 17    God:    Vehumet [......]
Gold:   308        SH:  0    Dex: 12    Spells: 9/16 levels left

rFire    . . .     SeeInvis .   m - +3 quarterstaff (chaos)
rCold    . . .     Gourm    .   (shield currently unavailable)
rNeg     . . .     Faith    .   (armour unavailable)
rPois    .         Spirit   .   o - +0 hat
rElec    +         Reflect  .   n - +0 cloak
rCorr    .         Harm     .   (no gloves)
MR       +....                  (no boots)
Stlth    ++........             (no amulet)
HPRegen  0.20/turn              (no ring)
MPRegen  0.14/turn              (no ring)

@: mighty, brilliant
A: breathe steam, unfitting armour, claws 1, magic resistance 1, electricity
resistance, cold-blooded, AC +6
a: Breathe Steam, Renounce Religion


You were on level 6 of the Dungeon.
You worshipped Vehumet.
Vehumet was noncommittal.
You were near starving.

You visited 2 branches of the dungeon, and saw 7 of its levels.

You collected 308 gold pieces.

Inventory:

Hand Weapons
 m - a +3 quarterstaff of chaos (weapon)
Missiles
 e - 13 poisoned darts (quivered)
 k - 5 atropa-tipped darts
Armour
 n - a +0 cloak (worn)
 o - a +0 hat (worn)
Wands
 l - a wand of flame (37)
Scrolls
 d - 2 scrolls of remove curse
 f - 3 scrolls of immolation {unknown}
 g - a scroll of enchant weapon
Potions
 j - 2 potions of brilliance
 p - 2 potions of heal wounds {unknown}
 q - a potion of stabbing {unknown}
 s - a potion of flight {unknown}
 u - 2 potions of ambrosia {unknown}
Comestibles
 b - 6 rations


   Skills:
 + Level 3.5 Fighting
 - Level 1.0 Staves
 - Level 2.0 Throwing
 + Level 2.7 Dodging
 - Level 2.0 Stealth
 + Level 4.8 Spellcasting
 - Level 8.4 Conjurations
 - Level 5.2 Translocations
 - Level 1.0 Evocations


You had 9 spell levels left.
You knew the following spells:

 Your Spells              Type           Power        Failure   Level  Hunger
a - Magic Dart            Conj           ####         1%          1    None
b - Searing Ray           Conj           #####.       1%          2    None
c - Iskenderun's Mystic   Conj/Tloc      #####...     9%          4    None

Your spell library contained the following spells:

 Spells                   Type           Power        Failure   Level  Hunger
 Apportation              Tloc           ####..       1%          1    None
 Dazzling Flash           Conj/Hex       ####..       8%          3    None
 Animate Skeleton         Necr           N/A          14%         1    None
 Beastly Appendage        Tmut           #.....       14%         1    None
 Corona                   Hex            #......      14%         1    None
 Summon Small Mammal      Summ           #...         14%         1    None
 Sticks to Snakes         Tmut           #.......     22%         2    None
 Fulminant Prism          Conj/Hex       ####......   26%         4    None
 Spider Form              Tmut/Pois      #.........   41%         3    None
 Ice Form                 Ice/Tmut       #.......     82%         4    None
 Blade Hands              Tmut           #.........   99%         5    None


Dungeon Overview and Level Annotations

Branches:
Dungeon (6/15)             Temple (1/1) D:6

Altars:
Ashenzari
Cheibriados
Dithmenos
Elyvilon
Fedhas
Gozag
Hepliaklqana
Kikubaaqudgha
Makhleb
Okawaru
Qazlal
Ru
Sif Muna
Trog
Uskayaw
Vehumet
Wu Jian
Xom
Yredelemnul
Zin
The Shining One

Annotations:
D:3 3 runed translucent doors, Fractals's ghost, amateur OgHu
D:6 Maggie


Innate Abilities, Weirdness & Mutations

You can breathe blasts of scalding, opaque steam.
Your pale cyan-grey scales are hard. (AC +6)
You cannot fit into any form of body armour.
You are cold-blooded and may be slowed by cold attacks.
You have sharp fingernails.
You are resistant to hostile enchantments. (MR+)
You are resistant to electric shocks. (rElec)


Message History

Confirm with . or Enter, or press ? or * to list all spells.
Aiming: Searing Ray (safe; 1% risk of failure)
Press: ? - help, Shift-Dir - straight line, f/p - Maggie
Aim: Maggie, wielding a +0 war axe, wearing +0 swamp dragon scales and carrying a wand of disintegration (6) (lightly wounded)
You feel a surge of power!
The searing ray hits Maggie.
Maggie is lightly wounded. (Press . to maintain the ray.) Maggie zaps a wand.
You resist with some effort.
The searing ray hits Maggie.
Maggie is lightly wounded.
Maggie shouts, "Leave me alone!"
You are too injured to fight recklessly!
Maggie gestures at you while chanting. The bolt of fire misses you.
You sock Maggie!
Maggie is poisoned.
Maggie is moderately wounded.
Maggie gestures wildly while chanting.
Maggie attempts to bespell you! You resist with almost no effort.
Maggie zaps a wand.
You are blasted!
You die...

#.....#.##
#........###.....
#........# #........#
#..... ####..#..#
#?###.#### #####.
#..#..# #.###.#####
#.
#.[...####.........#
##
#.......##.##......#
#
#.......##.##......#
#
###..........'......#
#.....##..@###......#
##### ########..@#
#......# #.... #...#
#......# #.### #...#
######## #...# #...#
#.#.# #...# #....
#...# ##### ....#
.F...


You could see Maggie (very poisoned).

Vanquished Creatures
  A water moccasin (D:6)
  An ice beast (D:5)
  A sky beast (D:4)
  2 ogres (D:5)
  2 phantoms
  A centaur (D:5)
  3 bullfrogs
  A wyvern zombie (D:6)
  2 scorpions
  A crimson imp (D:4)
  4 orc priests
  A centaur skeleton (D:6)
  Crazy Yiuf (D:2)
  A hound (D:4)
  6 orc wizards
  Terence (D:3)
  4 worker ants
  A hound zombie (D:6)
  8 gnolls
  10 adders
  2 shadow imps
  2 oozes
  An adder skeleton (D:5)
  A worm (D:3)
  5 dart slugs
  7 leopard geckos
  20 orcs
  A ball python (D:2)
  7 giant cockroaches
  8 goblins
  10 hobgoblins
  14 jackals
  3 quokkas
  6 bats
  6 frilled lizards
  5 kobolds
  2 leopard gecko skeletons
  5 rats
157 creatures vanquished.

Vanquished Creatures (others)
  A fungus (D:3)
  4 plants (D:3)
5 creatures vanquished.

Grand Total: 162 creatures vanquished

Notes
Turn   | Place    | Note
-------+----------+-------------------------------------------
     0 | D:1      | hawla the Draconian Conjurer began the quest for the Orb.
     0 | D:1      | Reached XP level 1. HP: 14/14 MP: 3/3
   232 | D:1      | Reached XP level 2. HP: 20/22 MP: 0/5
   290 | D:1      | Learned a level 2 spell: Searing Ray
   598 | D:1      | Reached skill level 1 in Fighting
   708 | D:1      | Reached skill level 1 in Throwing
   766 | D:1      | Gained mutation: You are resistant to electric shocks.
                  | (rElec) [potion of mutation]
   766 | D:1      | Gained mutation: You have sharp fingernails. [potion of
                  | mutation]
   766 | D:1      | Gained mutation: You are resistant to hostile enchantments.
                  | (MR+) [potion of mutation]
   769 | D:1      | Reached XP level 3. HP: 17/28 MP: 1/6
  1668 | D:2      | Found a runed translucent door.
  1669 | D:2      | Noticed Crazy Yiuf
  2189 | D:2      | Reached XP level 4. HP: 36/36 MP: 4/8
  2195 | D:2      | Learned a level 4 spell: Iskenderun's Mystic Blast
  3038 | D:2      | Killed Crazy Yiuf
  3038 | D:2      | Reached skill level 1 in Translocations
  3379 | D:3      | Reached XP level 5. HP: 42/42 MP: 6/9
  4064 | D:3      | Noticed Terence
  4069 | D:3      | Killed Terence
  4110 | D:3      | Reached XP level 6. HP: 50/50 MP: 7/10
  4265 | D:3      | Found a runed translucent gate.
  4265 | D:3      | Found a runed translucent gate.
  4265 | D:3      | Found a runed translucent gate.
  4266 | D:3      | Noticed Fractals's ghost (amateur OgHu)
  4565 | D:4      | Identified the +1 ring mail "Tunnoic" {Str+3}
  5456 | D:4      | Your scales start taking on a pale cyan-grey colour.
  5456 | D:4      | Reached XP level 7. HP: 57/57 MP: 5/12
  5704 | D:4      | Reached skill level 5 in Conjurations
  6081 | D:5      | Entered Level 5 of the Dungeon
  6497 | D:4      | Reached skill level 5 in Translocations
  6775 | D:5      | Reached skill level 6 in Conjurations
  6775 | D:5      | Reached XP level 8. HP: 56/63 MP: 9/14
  7012 | D:4      | Reached skill level 7 in Conjurations
  7840 | D:5      | Reached skill level 8 in Conjurations
  8625 | D:6      | Found a staircase to the Ecumenical Temple.
  8644 | Temple   | Entered the Ecumenical Temple
  8903 | Temple   | Became a worshipper of Vehumet
  9064 | D:6      | Reached skill level 1 in Staves
  9064 | D:6      | Reached skill level 1 in Evocations
  9068 | D:6      | Noticed Maggie
  9480 | D:6      | Blown up by Maggie

Illustrated notes

Levels and vault maps discovered:
D:1:      wheals_arrival_shading, layout_loops_cross, serial_forest,
          infiniplex_forest_end_2, infiniplex_forest_clump_long,
          infiniplex_forest_clump_cross, infiniplex_forest_zigzag_1,
          infiniplex_forest_clump_cross, infiniplex_forest_lined_corner,
          infiniplex_forest_fountain
D:2:      layout_loops_ring, serial_bayou, serial_bayou_pond_a,
          serial_bayou_pond_c, serial_bayou_pond_b, serial_bayou_pond_c,
          fountainhead, uniq_crazy_yiuf_cottage
D:3:      minmay_spotlight, layout_loops_ring, gammafunk_ghost_nasty_kobolds,
          uniq_terence
D:4:      layout_loops_corners, kennysheep_small_spiral, grunt_ministairs_12,
          serial_bayou_pond_a
D:5:      layout_cave_pools, first_ration
D:6:      layout_basic, temple_fountains, uniq_maggie
Temple:   nicolae_temple_the_god_donut

Skill      XL: |  1  2  3  4  5  6  7  8 |
---------------+-------------------------+-----
Stealth        | 2 |  2.0
Dodging        | 2 |  2.7
Fighting       | 1 2 3 |  3.5
Throwing       | 1 2 |  2.0
Translocations | 1 2 4 5 |  5.2
Spellcasting   | 3 4 |  4.8
Conjurations   | 6 8 |  8.4
Staves         | 1 |  1.0
Evocations     | 1 |  1.0

Action                   |  1- 3 |  4- 6 |  7- 9 || total
-------------------------+-------+-------+-------++-------
Melee: Unarmed           |    48 |    15 |       ||    63
       Tailslap          |     5 |     4 |     2 ||    11
       Quarterstaff      |       |    34 |    45 ||    79
 Cast: Magic Dart        |    59 |    65 |    50 ||   174
       Searing Ray       |    10 |    35 |    38 ||    83
       Iskenderun's Myst |       |       |    18 ||    18
  Use: Potion            |     2 |       |     5 ||     7
       Scroll            |     3 |     4 |     4 ||    11
  Eat: Chunk             |     5 |    12 |    12 ||    29
       Ration            |       |       |     1 ||     1
Armor: Skin              |    27 |    10 |    38 ||    75
Dodge: Dodged            |    60 |    40 |   102 ||   202
